 Dungeon Crawl Stone Soup version 0.17-a0-1763-g847a857 (webtiles) character file.

27330 hexophile the Spry (level 13, -3/70 HPs)
             Began as a Spriggan Berserker on Sept 5, 2015.
             Was an Elder of Trog.
             Slain by a 11-headed hydra (15 damage)
             ... on level 4 of the Lair of Beasts.
             The game lasted 00:44:14 (16449 turns).

hexophile the Spry (Spriggan Berserker)            Turns: 16449, Time: 00:44:14

Health: -3/70      AC:  9    Str: 17    XL:     13   Next: 3%
Magic:  14/14      EV: 33    Int: 11    God:    Trog [****..]
Gold:   833        SH:  0    Dex: 19    Spells: 0 memorised, 12 levels left

rFire  . . .     SeeInvis +     C - +11 falchion "Bylo" {elec, Str+3}
rCold  . . .     Clarity  .     J - +1 robe {MR+}
rNeg   . . .     SustAt   .     (shield restricted)
rPois  +         Gourm    .     P - +0 hat
rElec  .         Spirit   .     k - +0 cloak
rCorr  .         Warding  .     (gloves unavailable)
rMut   .         Rnd*Tele +     (boots unavailable)
MR     ++++.                    (no amulet)
Stlth  ++++++....               g - ring of protection from magic
                                p - +5 ring of protection

@: very quick, incredibly resistant to hostile enchantments, very stealthy
A: unfitting armour, see invisible, clever 1, herbivore 3, speed 3, poison
resistance, slow metabolism 2, teleportitis 1, subdued magic 1
a: Burn Spellbooks, Berserk, Trog's Hand, Brothers in Arms, Renounce Religion


You were on level 4 of the Lair of Beasts.
You worshipped Trog.
Trog was greatly pleased with you.
You were not hungry.

You visited 2 branches of the dungeon, and saw 15 of its levels.
You also visited: Ice Cave.

You collected 876 gold pieces.
You spent 43 gold pieces at shops.

Inventory:

Hand weapons
 f - a +2 dagger of holy wrath
 r - a +3 short sword of distortion
 C - the +11 falchion "Bylo" (weapon) {elec, Str+3}
   (You found it on level 7 of the Dungeon)

   Occasionally, upon striking a foe, it will discharge some electrical energy
   and cause terrible harm.
   It affects your strength (+3).
 I - a +4 demon trident of venom
 R - the +8 scimitar of Trog's Favour {freeze, rElec rF+ Dex+4}
   (Trog gifted it to you on level 3 of the Lair of Beasts)

   It has been specially enchanted to freeze those struck by it, causing extra
   injury to most foes and up to half again as much damage against particularly
   susceptible opponents.
   It can also slow down cold-blooded creatures.
   It affects your dexterity (+4).
   It protects you from fire.
   It insulates you from electricity.
Missiles
 d - 555 stones (quivered)
Armour
 k - a +0 cloak (worn)
 J - a +1 robe of magic resistance (worn)
 P - a +0 hat (worn)
Jewellery
 g - a ring of protection from magic (right hand)
 p - a +5 ring of protection (left hand)
 B - an uncursed ring of fire
 G - an uncursed ring of invisibility
Magical devices
 h - a wand of slowing (41)
 m - a wand of magic darts (33)
 n - a wand of digging (0)
 t - a wand of flame (25)
 v - a wand of lightning (4)
 x - a wand of enslavement (10)
 y - a wand of confusion (26)
 z - a wand of paralysis (10)
 E - a wand of slowing (16)
 F - a wand of fireball (2)
 L - a wand of fire (7)
 N - a wand of digging (12)
Scrolls
 a - 2 scrolls of magic mapping
 j - 6 scrolls of remove curse
 l - 2 scrolls of recharging
 o - 2 scrolls of fog
 q - 2 scrolls of teleportation
 s - 3 scrolls of immolation
 D - 6 scrolls of identify
Potions
 b - a potion of brilliance
 e - 3 potions of might
 i - a potion of cancellation
 u - 8 potions of curing
 K - a potion of flight
 M - a potion of agility
 Q - a potion of berserk rage
Books
 H - a book of Summonings

   Spells                             Type                      Level
   a - Recall                         Summoning/Translocation      3
   b - Aura of Abjuration             Summoning                    5
   c - Shadow Creatures               Summoning                    5
   d - Summon Demon                   Summoning                    5
   e - Summon Forest                  Summoning/Translocation      5
   f - Summon Mana Viper              Hexes/Summoning              5
   Trog disapproves of the use of such an item.
 O - a book of Beasts

   Spells                             Type                      Level
   a - Summon Butterflies             Summoning                    1
   b - Call Canine Familiar           Summoning                    3
   c - Summon Ice Beast               Ice/Summoning                4
   d - Summon Mana Viper              Hexes/Summoning              5
   e - Summon Hydra                   Summoning                    7
   Trog disapproves of the use of such an item.
 S - a book of Flames

   Spells                             Type                      Level
   a - Flame Tongue                   Conjuration/Fire             1
   b - Throw Flame                    Conjuration/Fire             2
   c - Conjure Flame                  Conjuration/Fire             3
   d - Inner Flame                    Hexes/Fire                   3
   e - Sticky Flame                   Conjuration/Fire             4
   f - Fireball                       Conjuration/Fire             5
   Trog disapproves of the use of such an item.
Comestibles
 c - 13 bread rations
 w - 5 slices of pizza
 A - 11 fruits


   Skills:
 * Level 9.2 Fighting
 - Level 12.0(13.0) Short Blades
 * Level 6.5(9.0) Long Blades
 - Level 0.7 Polearms
 + Level 16.5 Dodging
 - Level 12.4 Stealth


You had 12 spell levels left.
You didn't know any spells.

Dungeon Overview and Level Annotations

Branches:
Dungeon (11/15)            Temple (0/1) D:6            Lair (4/8) D:11
  Snake (0/4) Lair:3          Orc (0/4) D:11
  Swamp: Lair:3-6    Shoals: Lair:3-6

Altars:
Elyvilon
Okawaru
Qazlal
Vehumet
Xom
Zin

Shops:
D:11 *

Annotations:
D:4 Dowan, Menkaure
D:9 Erica
Abyss:1 Gastronok, Harold, Joseph


Innate Abilities, Weirdness & Mutations

You are tiny and cannot use many weapons and most armour.
You have supernaturally acute eyesight.
You are a herbivore.
You cover ground extremely quickly.
You need consume almost no food.
Your mind is acute. (Int +2)
Your system is resistant to poisons.
You are occasionally teleported to nearby monsters.
Your spells are a little easier to cast, but a little less powerful.


Message History

Your ogre dies!
Your ogre's corpse disappears in a puff of smoke!
The ten-headed hydra completely misses you.
The ten-headed hydra bites you but does no damage.
The ten-headed hydra completely misses you. x2
The ten-headed hydra closely misses you.
The ten-headed hydra bites you.
* * * LOW HITPOINT WARNING * * *
The ten-headed hydra barely misses you. The ten-headed hydra bites you.
* * * LOW HITPOINT WARNING * * *
You lop one of the ten-headed hydra's heads off!
The nine-headed hydra grows two more!
You hit the 11-headed hydra.
The 11-headed hydra is almost dead.
The 11-headed hydra bites you.
* * * LOW HITPOINT WARNING * * *
The 11-headed hydra barely misses you. The 11-headed hydra misses you.
The 11-headed hydra barely misses you.
The 11-headed hydra completely misses you.
The 11-headed hydra bites you!
You die...

### # #####.# ######## ##
#####..#..####P##.$.####.#.#
............................#
†...........................#
............................#
............................P
................@...........#
.............†..§D...........
#######.##.#########!.......#
###### ##...<....#
#.........# ##........#
#........# #..<.....#
#....D....


You could see a 11-headed hydra.

Vanquished Creatures
  A fire dragon (D:11)
  The ghost of Stormsson the Ruffian, an experienced MiMo of Okawaru (D:8)
  An unseen horror (D:10)
  An ice devil (IceCv)
  3 hill giants
  2 ugly things (D:11)
  Maurice (D:11)
  2 black mambas
  4 spiny frogs
  A komodo dragon (Lair:4)
  A blue devil (IceCv)
  A troll (D:9)
  Grinder (D:5)
  Prince Ribbit (D:7)
  The ghost of Medved the Chiller, an average DgIE (D:4)
  A two-headed ogre (D:11)
  5 blink frogs (Lair:3)
  A human (D:7)
  Sigmund (D:2)
  2 basilisks
  Eustachio (D:4)
  A deep elf mage (D:11)
  3 wolves (Lair:2)
  27 yaks
  A steam dragon (D:8)
  3 hippogriffs
  Duvessa (D:4)
  2 sky beasts
  7 porcupines
  8 ice beasts
  2 black bears
  A wasp (D:11)
  3 water moccasins
  4 orc warriors
  A necrophage (D:7)
  8 centaurs
  2 phantoms (D:10)
  5 ogres
  5 crocodiles
  Blork the orc (D:4)
  3 big kobolds
  7 giant frogs
  3 scorpions
  An electric eel (Lair:1)
  4 wights (D:9)
  18 killer bees
  5 crimson imps
  A giant frog zombie (D:8)
  4 hounds
  A quasit (D:6)
  2 centaur skeletons
  2 jellies
  Crazy Yiuf (D:2)
  6 orc priests
  A giant frog skeleton (D:6)
  6 iguanas
  Terence (D:2)
  6 orc wizards
  7 worker ants
  A hound zombie (D:11)
  2 hound skeletons
  9 adders
  3 shadow imps
  3 gnolls (D:9)
  48 river rats
  7 white imps (IceCv)
  2 ufetubi (IceCv)
  An ooze (D:2)
  2 adder zombies
  3 adder skeletons
  A worm (D:2)
  8 giant geckos
  40 orcs
  2 ball pythons
  7 bats
  5 goblins
  5 hobgoblins (D:1)
  13 jackals
  7 quokkas
  10 giant cockroaches
  A giant gecko skeleton (D:5)
  6 giant newts
  17 kobolds
  A quokka skeleton (D:5)
  4 rats
405 creatures vanquished.

Vanquished Creatures (collateral kills)
  A hydra (Lair:4)
  2 ice beasts (D:11)
  A black bear (D:9)
  A giant frog (Lair:4)
  A killer bee (D:11)
  2 gnolls (D:9)
  An orc (D:8)
9 creatures vanquished.

Vanquished Creatures (others)
  A hill giant (D:10)
  An ugly thing (D:11)
  A spiny frog (Lair:2)
  A komodo dragon (Lair:2)
  3 blue devils (IceCv)
  2 yaks (Lair:2)
  A basilisk (D:11)
  A hippogriff (Lair:2)
  2 water moccasins
  An ice beast (D:11)
  A centaur (D:11)
  An ogre (D:4)
  A giant frog (D:7)
  A gnoll sergeant (D:9)
  A killer bee (D:11)
  A hound (D:11)
  An iguana (Lair:1)
  A worker ant (D:4)
  3 sheep (D:7)
  An adder (D:11)
  4 white imps (IceCv)
  4 ufetubi (IceCv)
  A jackal (D:7)
  A kobold (D:11)
  A quokka (D:4)
  7 fungi (Lair:3)
  5 plants
49 creatures vanquished.

Grand Total: 463 creatures vanquished

Notes
Turn   | Place    | Note
--------------------------------------------------------------
     0 | D:1      | hexophile the Spriggan Berserker began the quest for the Orb.
     0 | D:1      | Reached XP level 1. HP: 11/11 MP: 2/2
   667 | D:1      | Reached XP level 2. HP: 13/16 MP: 3/3
  1386 | D:2      | Acquired Trog's second power
  1407 | D:2      | Reached XP level 3. HP: 16/19 MP: 4/4
  1408 | D:2      | Found a shimmering altar of Xom.
  1408 | D:2      | Found a glowing silver altar of Zin.
  1408 | D:2      | Noticed Sigmund
  1409 | D:2      | Noticed an angel
  1422 | D:2      | Gained mutation: Your spells are a little easier to cast, but a little less powerful. [potion of mutation]
  1422 | D:2      | Gained mutation: Your mind is acute. (Int +2) [potion of mutation]
  1422 | D:2      | Gained mutation: Your system is resistant to poisons. [potion of mutation]
  1451 | D:2      | Killed Sigmund
  1451 | D:2      | Reached skill level 5 in Short Blades
  1451 | D:2      | Reached skill level 6 in Dodging
  1451 | D:2      | Reached XP level 4. HP: 23/23 MP: 5/5
  1451 | D:2      | Reached XP level 5. HP: 27/27 MP: 6/6
  1513 | D:2      | Noticed Terence
  1521 | D:2      | Killed Terence
  1916 | D:2      | Noticed Crazy Yiuf
  1927 | D:2      | Killed Crazy Yiuf
  1927 | D:2      | Reached skill level 1 in Stealth
  2020 | D:2      | Reached XP level 6. HP: 32/32 MP: 7/7
  2518 | D:3      | Found a white marble altar of Elyvilon.
  2560 | D:3      | Reached skill level 7 in Dodging
  2897 | D:3      | Found an iron altar of Okawaru.
  3115 | D:3      | Found a radiant altar of Vehumet.
  3306 | D:4      | Reached XP level 7. HP: 35/35 MP: 8/8
  3381 | D:4      | Noticed Medved's ghost (average DgIE)
  3404 | D:4      | Noticed Menkaure
  3421 | D:4      | Killed Medved's ghost
  3421 | D:4      | Reached skill level 8 in Dodging
  3421 | D:4      | Reached skill level 5 in Stealth
  3484 | D:4      | Noticed Blork the orc
  3491 | D:4      | Killed Blork the orc
  3511 | D:4      | Noticed Duvessa
  3512 | D:4      | Noticed Dowan
  3515 | D:4      | Noticed Eustachio
  3524 | D:4      | Killed Duvessa
  3536 | D:4      | Killed Eustachio
  3536 | D:4      | Reached XP level 8. HP: 39/39 MP: 9/9
  3612 | D:4      | Reached skill level 9 in Dodging
  3998 | D:5      | Entered Level 5 of the Dungeon
  4007 | D:5      | Noticed Grinder
  4551 | D:5      | Killed Grinder
  4551 | D:5      | Reached skill level 10 in Dodging
  5094 | D:6      | Found a staircase to the Ecumenical Temple.
  5453 | D:6      | Acquired Trog's third power
  5453 | D:6      | Reached XP level 9. HP: 36/43 MP: 10/10
  5603 | D:7      | Noticed Prince Ribbit
  5610 | D:7      | Killed Prince Ribbit
  5659 | D:7      | Reached skill level 10 in Stealth
  5660 | D:7      | Reached skill level 11 in Dodging
  6038 | D:7      | Got a bloodstained falchion
  6039 | D:7      | Identified the +11 falchion "Bylo" {elec, Str+3} (You found it on level 7 of the Dungeon)
  6663 | D:8      | Noticed Stormsson's ghost (experienced MiMo)
  6793 | D:8      | Noticed Joseph
  6807 | D:8      | Banished Joseph
  6807 | D:8      | Reached XP level 10. HP: 49/49 MP: 11/11
  6839 | D:8      | Killed Stormsson's ghost
  6839 | D:8      | Reached skill level 10 in Short Blades
  6839 | D:8      | Reached skill level 12 in Dodging
  7385 | D:9      | Noticed Erica
  7837 | D:10     | Entered Level 10 of the Dungeon
  7884 | D:10     | Reached skill level 5 in Fighting
  7888 | D:10     | Noticed a hill giant
  8177 | D:10     | Noticed a hill giant
  8182 | D:10     | Killed a hill giant
  8182 | D:10     | Reached skill level 1 in Long Blades
  8241 | D:10     | Noticed an unseen horror
  8246 | D:10     | Killed an unseen horror
  8246 | D:10     | Reached skill level 13 in Dodging
  8495 | D:10     | Banished a hill giant
  8662 | D:10     | Reached XP level 11. HP: 56/56 MP: 12/12
  8929 | D:11     | Noticed Gastronok
  8948 | D:11     | Received a gift from Trog
  8977 | D:11     | Found a staircase to the Lair.
  9034 | D:11     | Found Focsung's General Store.
  9034 | D:11     | Noticed Maurice
  9041 | D:11     | Killed Maurice
  9065 | D:11     | Found a frozen archway.
  9104 | D:11     | HP: 4/56 [killer bee (10)]
  9206 | IceCv    | Entered an ice cave
 10098 | IceCv    | Noticed an ice devil
 10100 | IceCv    | Killed an ice devil
 10718 | D:11     | Noticed a fire dragon
 10720 | D:11     | Killed a fire dragon
 10720 | D:11     | Reached skill level 14 in Dodging
 10730 | D:11     | Found a staircase to the Orcish Mines.
 10942 | D:11     | HP: 6/87 [orc warrior/mace (9)]
 11485 | D:11     | Noticed a hill giant
 11502 | D:11     | Killed a hill giant
 11683 | D:11     | Banished Gastronok
 12074 | D:11     | Noticed a hill giant
 12081 | D:11     | Killed a hill giant
 12241 | D:11     | Bought 14 stones for 21 gold pieces
 12241 | D:11     | Bought a slice of pizza for 22 gold pieces
 12439 | D:11     | Found a staircase to the Orcish Mines.
 12528 | D:11     | Found Focsung's General Store.
 12719 | D:11     | Found a staircase to the Lair.
 12804 | Lair:1   | Entered Level 1 of the Lair of Beasts
 12838 | Lair:1   | Reached XP level 12. HP: 57/63 MP: 13/13
 13106 | Lair:1   | Identified a scroll of acquirement
 13246 | Lair:1   | Found a stormy altar of Qazlal.
 13258 | Lair:1   | Reached skill level 15 in Dodging
 14135 | Lair:2   | Noticed Harold
 14225 | Lair:2   | Reached skill level 5 in Long Blades
 14357 | Lair:2   | Banished Harold
 14553 | Lair:3   | Found a staircase to the Snake Pit.
 15042 | Lair:3   | Received a gift from Trog
 15051 | Lair:3   | Reached skill level 16 in Dodging
 15069 | Lair:3   | Got a transparent scimitar {god gift}
 15071 | Lair:3   | Identified the +8 scimitar of Trog's Favour {freeze, rElec rF+ Dex+4} (Trog gifted it to you on level 3 of the Lair of Beasts)
 15146 | Lair:3   | Gained mutation: You are occasionally teleported to nearby monsters. [mutagenic glow]
 15985 | Lair:4   | Noticed a six-headed hydra
 16394 | Lair:4   | Reached XP level 13. HP: 67/70 MP: 14/14
 16417 | Lair:4   | Noticed a six-headed hydra
 16437 | Lair:4   | Killed an eight-headed hydra
 16449 | Lair:4   | Slain by a 11-headed hydra

Vault maps used:
D:1:      roderic_chinese_lattice_arrival
D:2:      grunt_temple_overflow_order_and_chaos_1, minivault_24,
          roderic_digamma_sauvastika, uniq_crazy_yiuf_cottage, uniq_sigmund,
          uniq_terence
D:3:      vehumet_crystals, okawaru_trees_2, elyvilon_altar_5
D:4:      uniq_duvessa, uniq_blork_the_orc, uniq_eustachio, uniq_menkaure
D:5:      first_bread, lightli_corner_chamber, uniq_grinder
D:6:      minmay_temple_entry_statues_pillars
D:7:      grunt_livestock, uniq_prince_ribbit1
D:8:      uniq_joseph
D:9:      uniq_erica
D:10:     lemuel_another_geyser
D:11:     lair_0_dummy, orc_0_dummy, portal_ice_cave_entry_ice_beasts,
          serial_shops, shop_fountains, patterned_corridor, uniq_maurice,
          uniq_gastronok
Lair:1:   lemuel_centaur_altar, serial_bayou_shore_a
Lair:2:   infiniplex_staircase_pool_2, grunt_megastairs_4, uniq_harold
Lair:3:   dummy_snake_entry, lemuel_fruit_tree
Lair:4:   minmay_swamp_entry_reptiles, grunt_forest_small_clearings,
          grunt_megastairs_2, infiniplex_staircase_pool
IceCv:    ice_cave_small_demon

Action                   |  1- 3 |  4- 6 |  7- 9 | 10-12 | 13-15 || total
-------------------------+-------+-------+-------+-------+-------++-------
Melee: Short sword       |   100 |   161 |   305 |   687 |       ||  1253
       Falchion          |       |       |       |   146 |    11 ||   157
Throw: Stone             |       |       |       |     4 |       ||     4
Invok: Berserk           |     4 |     6 |     2 |     7 |       ||    19
       Trog's Hand       |     1 |     2 |       |     6 |       ||     9
       Brothers in Arms  |       |       |     1 |     3 |     2 ||     6
Evoke: Wand              |       |       |       |    20 |       ||    20
  Use: Scroll            |     3 |     4 |     9 |    15 |       ||    31
       Potion            |     1 |     3 |     5 |     6 |       ||    15
 Stab: Sleeping          |       |     5 |    36 |    53 |       ||    94
       Distracted        |       |       |     5 |     7 |     1 ||    13
       Invisible         |       |       |     1 |       |       ||     1
  Eat: Bread ration      |     1 |     1 |       |     2 |       ||     4
       Pizza             |       |       |     3 |     4 |       ||     7
       Fruit             |       |       |       |     2 |       ||     2
